 Dungeon Crawl Stone Soup version 0.25-a0-316-gd28d56f (webtiles) character file.

Game seed: 1996158653426677480, levelgen mode: deterministic

4594 Birdy the Slinger (level 10, -8/61 HPs)
             Began as a Halfling Monk on Dec 24, 2019.
             Was a Priest of Dithmenos.
             Killed by divine providence
             ... invoked by an orc priest
              (14 damage)
             ... on level 8 of the Dungeon.
             The game lasted 00:28:50 (10043 turns).

Birdy the Slinger (Halfling Monk)                  Turns: 10043, Time: 00:28:50

Health: -8/61      AC:  7    Str: 12    XL:     10   Next: 68%
Magic:  0/10       EV: 22    Int:  8    God:    Dithmenos [***...]
Gold:   351        SH:  0    Dex: 21    Spells: 9/9 levels left

rFire    . . .     SeeInvis .   i - +1 short sword (venom)
rCold    . . .     Gourm    .   (shield restricted)
rNeg     . . .     Faith    .   m - +0 leather armour
rPois    .         Spirit   +   f - +1 helmet
rElec    .         Reflect  .   t - +0 cloak {MR+}
rCorr    .         Harm     .   (no gloves)
MR       +....                  (no boots)
Stlth    +++.......             p - amulet of guardian spirit
HPRegen  0.20/turn              (no ring)
MPRegen  0.12/turn              (no ring)

@: about to teleport, wreathed by umbra, studying Polearms
A: small, mutation resistance 1
a: Shadow Step, Renounce Religion


You were on level 8 of the Dungeon.
You worshipped Dithmenos.
Dithmenos was most pleased with you.
You were not hungry.

You visited 2 branches of the dungeon, and saw 9 of its levels.

You collected 351 gold pieces.

Inventory:

Hand Weapons
 a - a +3 dagger of protection
 b - a +0 hunting sling
 i - a +1 short sword of venom (weapon)
 k - a +0 falchion
Missiles
 h - 161 stones (quivered)
Armour
 f - a +1 helmet (worn)
 g - a +0 robe
 m - a +0 leather armour (worn)
 n - a +2 robe of positive energy
 t - a +0 cloak of magic resistance (worn)
Jewellery
 l - an uncursed ring of fire
 p - an amulet of guardian spirit (around neck)
Scrolls
 d - 2 scrolls of immolation
 e - 3 scrolls of identify
 j - 2 scrolls of teleportation
 o - 3 scrolls of remove curse
 r - a scroll of enchant armour
 s - 2 scrolls of amnesia
 u - a scroll of enchant weapon
Potions
 q - a potion of brilliance
 x - a potion of flight
Books
 y - a manual of Polearms
Comestibles
 c - 10 rations


   Skills:
 - Level 2.6 Fighting
 + Level 7.7 Long Blades
 - Level 12.1 Slings
 - Level 6.5 Armour
 + Level 9.1 Dodging
 - Level 2.1 Stealth


You had 9 spell levels left.
You didn't know any spells.
Your spell library contained the following spells:

 Spells                   Type           Power        Failure   Level  Hunger
 Animate Skeleton         Necr           N/A          47%         1    ##.....
 Apportation              Tloc           #.....       47%         1    ##.....
 Confusing Touch          Hex            #.....       47%         1    ##.....
 Summon Small Mammal      Summ           #...         47%         1    ##.....


Dungeon Overview and Level Annotations

Branches:
Dungeon (8/15)             Temple (1/1) D:4
   Lair: D:8-11

Altars:
Dithmenos
Elyvilon
Fedhas
Hepliaklqana
Makhleb
Nemelex Xobeh
Qazlal
Ru
Sif Muna
Uskayaw
Zin


Innate Abilities, Weirdness & Mutations

You are small and have problems with some larger weapons.
You are somewhat resistant to further mutation.


Message History

Something misses you. The orc hits you but does no damage.
Press: ? - help, v - describe, . - travel
Here: an orc priest, wearing a +0 ring mail (very poisoned, umbra)
The floor.
As you read the scroll of teleportation, it crumbles to dust.
You feel strangely unstable. The orc priest misses you.
The orc closely misses you. The orc warrior misses you. Something hits you.
* * * LOW HITPOINT WARNING * * *
The orc misses you. The orc priest misses you.
You hit the orc priest.
The orc priest is heavily wounded.
The orc priest closely misses you. Something barely misses you.
The orc barely misses you.
The orc warrior hits you from afar with a +0 trident!
* * * LOW HITPOINT WARNING * * *
The orc completely misses you.
Okay, then.
The orc priest invokes the aid of Beogh against you.
Beogh smites you!
You die...

.......
.⌠......###########
_.........##......#
.⌠........##......#
..........##......#
..........##......#
.......o..##......#
......oo.{#.......#
......ooo@........#
.......o....#######
...........#......
.........##.#......
#####.........###........
..... ......# #.......%
†#.###.#.#### ###.#......
.........# #......####
##.###..#######...####


You could see an orc warrior, 2 orc priests, an orc wizard and 3 orcs.

Vanquished Creatures
  A two-headed ogre (D:7)
  Pikel (D:6)
  Maurice (D:8)
  A troll (D:5)
  A yak (D:8)
  A human (D:8)
  4 hogs
  A slave (D:6)
  2 phantoms
  An ice beast (D:5)
  3 ogres
  A centaur (D:5)
  A big kobold (D:7)
  6 bullfrogs
  2 scorpions
  7 crimson imps
  2 jellies
  2 hounds
  A bullfrog skeleton (D:4)
  An orc priest (D:6)
  An iguana (D:7)
  3 orc wizards
  3 worker ants
  A hound zombie (D:6)
  A hound skeleton (D:4)
  Robin (D:2)
  16 adders
  3 shadow imps
  An ooze (D:2)
  An adder zombie (D:5)
  An adder skeleton (D:6)
  A worm (D:2)
  A dart slug (D:1)
  4 leopard geckos
  18 orcs
  8 bats
  8 giant cockroaches
  15 goblins
  10 hobgoblins
  6 jackals (D:7)
  16 kobolds
  5 quokkas
  A ball python (D:1)
  6 frilled lizards
  A jackal skeleton (D:6)
  A leopard gecko skeleton (D:4)
  6 rats
179 creatures vanquished.

Vanquished Creatures (others)
  2 slaves (D:7)
  A phantom (D:7)
  Blork the orc (D:5)
  A crimson imp (D:7)
  A bullfrog skeleton (D:7)
  An adder (D:7)
  2 orcs (D:7)
  A jackal (D:7)
  A quokka (D:7)
  A quokka skeleton (D:7)
12 creatures vanquished.

Grand Total: 191 creatures vanquished

Notes
Turn   | Place    | Note
-------+----------+-------------------------------------------
     0 | D:1      | Birdy the Halfling Monk began the quest for the Orb.
     0 | D:1      | Reached XP level 1. HP: 15/15 MP: 1/1
   330 | D:1      | Reached XP level 2. HP: 16/20 MP: 2/2
   805 | D:1      | Reached XP level 3. HP: 25/25 MP: 3/3
  1645 | D:2      | Noticed Robin
  1690 | D:2      | Reached XP level 4. HP: 30/30 MP: 4/4
  1781 | D:2      | Killed Robin
  1781 | D:2      | Reached skill level 5 in Long Blades
  2060 | D:2      | Reached XP level 5. HP: 35/35 MP: 5/5
  2138 | D:2      | Reached skill level 1 in Armour
  2631 | D:3      | Reached XP level 6. HP: 30/41 MP: 6/6
  2839 | D:3      | Noticed a +0 dagger
  2840 | D:3      | Noticed a +0 dagger
  2842 | D:3      | Found a hide-covered altar of Uskayaw.
  3310 | D:3      | Found a sacrificial altar of Ru.
  3510 | D:4      | Found a staircase to the Ecumenical Temple.
  3520 | Temple   | Entered the Ecumenical Temple
  3526 | Temple   | Became a worshipper of Dithmenos the Shadowed
  3526 | Temple   | Reached * piety under Dithmenos
  3526 | Temple   | Reached ** piety under Dithmenos
  3644 | D:4      | Noticed a phantom
  3698 | D:4      | Killed a phantom
  3933 | D:4      | Reached XP level 7. HP: 45/45 MP: 7/7
  4460 | D:5      | Entered Level 5 of the Dungeon
  4543 | D:5      | Reached skill level 5 in Armour
  4757 | D:5      | Noticed a hog
  4757 | D:5      | an ogre changed into a hog
  4772 | D:5      | Killed a hog
  4943 | D:5      | Reached XP level 8. HP: 51/51 MP: 8/8
  4952 | D:5      | Reached skill level 1 in Slings
  5007 | D:5      | Reached skill level 3 in Slings
  5073 | D:5      | Reached skill level 4 in Slings
  5303 | D:5      | Noticed a troll
  5319 | D:5      | Killed a troll
  5319 | D:5      | Reached skill level 6 in Slings
  5492 | D:5      | Reached skill level 7 in Slings
  5520 | D:5      | Noticed Blork the orc
  5529 | D:5      | Killed Blork the orc
  5534 | D:5      | Found a shimmering blue altar of Sif Muna.
  5682 | D:6      | Reached skill level 8 in Slings
  5851 | D:6      | Reached skill level 9 in Slings
  5851 | D:6      | Reached XP level 9. HP: 55/55 MP: 9/9
  6066 | D:6      | Reached skill level 10 in Slings
  6103 | D:6      | Reached *** piety under Dithmenos
  6450 | D:6      | Reached skill level 11 in Slings
  6527 | D:6      | Found a burning altar of Makhleb.
  6590 | D:6      | Found a stormy altar of Qazlal.
  6765 | D:7      | Noticed Pikel
  7108 | D:6      | Killed Pikel
  7108 | D:6      | Reached skill level 12 in Slings
  8362 | D:7      | Noticed a two-headed ogre
  8545 | D:8      | Noticed Maurice
  8868 | D:8      | Reached XP level 10. HP: 61/61 MP: 10/10
  9026 | D:7      | Killed a two-headed ogre
  9424 | D:8      | Noticed a gargoyle
  9800 | D:8      | Killed Maurice
 10031 | D:8      | Found a sparkling altar of Nemelex Xobeh.
 10043 | D:8      | Killed from afar by an orc priest

Levels and vault maps discovered:
D:1:      dpeg_arrival_rhombi, layout_loops_ring, serial_forest,
          infiniplex_forest_clump_large, infiniplex_forest_end_2,
          infiniplex_forest_clump_double, infiniplex_forest_clump_large,
          infiniplex_forest_zigzag_1, infiniplex_forest_straight_1
D:2:      layout_basic, first_ration, uniq_robin
D:3:      minmay_spotlight, layout_loops_ring, dancing_weapons_uskayaw,
          marbit_many_paths
D:4:      layout_loops_corners, minmay_temple_entry_antechambers
D:5:      layout_rooms, tgw_sif
D:6:      layout_basic, grunt_qazlal_clouds, makhleb_grotto_becter
D:7:      layout_loops_ring, minmay_manual_macuahuitl, uniq_pikel
D:8:      layout_rooms, nemelex_xobeh_ov_fountains_minmay, grunt_livestock,
          uniq_maurice
Temple:   eino_temple_rhombus

Skill      XL: |  1  2  3  4  5  6  7  8  9 10 |
---------------+-------------------------------+-----
Long Blades    | 4 5 6 7 |  7.7
Armour         | 2 3 6 |  6.5
Slings         | 9 12 | 12.1
Dodging        | 9 |  9.1
Fighting       | |  2.6
Stealth        | |  2.1

Action                   |  1- 3 |  4- 6 |  7- 9 | 10-12 || total
-------------------------+-------+-------+-------+-------++-------
Melee: Falchion          |    41 |       |   158 |       ||   199
       Dagger            |    91 |   302 |   466 |   124 ||   983
       Short sword       |       |       |       |    88 ||    88
       Unarmed           |       |       |       |    18 ||    18
 Fire: Hunting sling     |    16 |     3 |   160 |     4 ||   183
Evoke: Wand              |       |       |     1 |       ||     1
  Use: Scroll            |     3 |     4 |    12 |     3 ||    22
       Potion            |     1 |     4 |     8 |     1 ||    14
 Stab: Sleeping          |     3 |     5 |     4 |     1 ||    13
       Distracted        |       |     1 |     2 |       ||     3
  Eat: Chunk             |     2 |     7 |    12 |     3 ||    24
       Ration            |       |       |     1 |     1 ||     2
Armor: Robe              |    26 |    57 |    11 |       ||    94
       Skin              |       |       |    14 |    21 ||    35
       Leather armour    |       |       |    91 |    18 ||   109
Dodge: Dodged            |    91 |   174 |   412 |   150 ||   827
       Rpst.: Falchion   |    10 |       |    30 |       ||    40

Table legend:
 A = Non-vault XP
 B = Vault XP
 C = Vault XP percentage of total XP
 D = Non-vault monster count
 E = Vault monster count
 F = Vault count percentage of total count
                 A         B        C        D         E       F
            +---------+---------+-------+---------+---------+-------
      Total |    3213 |    3350 |  51.0 |     150 |      32 |  17.6
            +---------+---------+-------+---------+---------+-------
        D:1 |      45 |       0 |   0.0 |      28 |       0 |   0.0
        D:2 |      78 |      37 |  32.2 |      20 |      12 |  37.5
        D:3 |      97 |      43 |  30.7 |      19 |       5 |  20.8
        D:4 |     302 |       0 |   0.0 |      10 |       0 |   0.0
        D:5 |    1069 |      52 |   4.6 |      15 |       1 |   6.2
        D:6 |     966 |     779 |  44.6 |      27 |       4 |  12.9
        D:7 |     304 |     963 |  76.0 |      18 |       4 |  18.2
        D:8 |     352 |    1476 |  80.7 |      13 |       6 |  31.6
            +---------+---------+-------+---------+---------+-------
